 Dungeon Crawl Stone Soup version 0.28-a0-1080-g05a166d0ed (webtiles) character file.

Game seed: 17978073945760823255

12 yoda5477 the Sneak (level 2, -1/24 HPs)
             Began as a Demonspawn Delver on Dec 9, 2021.
             Slain by an orc (4 damage)
             ... on level 5 of the Dungeon.
             The game lasted 00:01:37 (333 turns).

yoda5477 the Sneak (Demonspawn Delver)               Turns: 333, Time: 00:01:38

Health: -1/24      AC:  3    Str: 12    XL:     2   Next: 20%
Magic:  2/2        EV: 11    Int: 11    God:
Gold:   0          SH:  0    Dex: 14    Spells: 1/1 levels left

rFire   . . .      SeeInvis .   a - +0 hand axe
rCold   . . .      Faith    .   (no shield)
rNeg    . . .      Spirit   .   b - +0 leather armour
rPois   .          Reflect  .   (no helmet)
rElec   .          Harm     .   (no cloak)
rCorr   .          Rampage  .   (no gloves)
Will    .....                   (no boots)
Stlth   ++........              (no amulet)
HPRegen 0.08/turn               (no ring)
MPRegen 0.08/turn               (no ring)

@: no status effects
A: demonic touch 1
a: no special abilities


You were on level 5 of the Dungeon.
You visited 1 branch of the dungeon, and saw 2 of its levels.

Inventory:

Hand Weapons
 a - a +0 hand axe (weapon)
Armour
 b - a +0 leather armour (worn)
Wands
 g - a wand of digging (3)
Scrolls
 c - a scroll of fog
 e - a scroll of fear


   Skills:
 - Level 3.0 Fighting
 * Level 2.6 Axes
 - Level 1.7 Dodging
 - Level 4.5 Stealth


You had one spell level left.
You didn't know any spells.
Your spell library contained the following spells:

 Spells                   Type           Power      Damage    Failure   Level
 Passwall                 Tmut/Erth      0%         N/A       56%         2
 Swiftness                Air            0%         N/A       80%         3


Dungeon Overview and Level Annotations

Branches:
Dungeon (5/15)             Temple (0/1) D:5

Altars:


Innate Abilities, Weirdness & Mutations

Your touch may inflict minor irresistible damage on your foes.


Message History

Found a hand axe.
An orc comes into view. It is wielding a +0 hand axe.
An ufetubus comes into view.
The ufetubus enters a dispersal trap!
The orc blinks! x7; You blink.
The ufetubus blinks!
A magic dart appears from out of thin air!
The magic dart hits you! The orc hits you with a +0 dagger.
The ufetubus enters a dispersal trap!
The orc blinks! x7; You blink.
The ufetubus blinks!
Found 6 gold pieces.
The orc shouts!
Found a stone staircase leading up.
A black bear comes into view.
Your extra speed is starting to run out.
The black bear growls angrily.
The black bear bites you. The black bear claws you.
* * * LOW HITPOINT WARNING * * *
The black bear claws you.
* * * LOW HITPOINT WARNING * * *
You open the door.
A bullfrog skeleton comes into view.
The bullfrog skeleton moves out of view.
Found 7 gold pieces.
Found an escape hatch in the ceiling.
You feel yourself slow down.
There is an open door here.
You open the door.
The bullfrog skeleton hits you but does no damage.
The black bear bites you but does no damage.
The black bear barely misses you.
The black bear claws you but does no damage.
The bullfrog skeleton hits you but does no damage.
There is an open door here.
You see here 6 gold pieces.
The bullfrog skeleton barely misses you.
The orc barely misses you. The bullfrog skeleton hits you.
* * * LOW HITPOINT WARNING * * *
You hear a shout!
The orc shouts!
You hear a shout!
Something hits you but does no damage. The orc hits you with a +0 club.
You die...

*,* ##...## #...# *,* ##'##
##.## *,* #$# #.# #,* #.######
#.# #.***######.5....# #.#
#..,,,..##.h.###.# #.#
*,..,*#.#.....##.# #o#
**,#.##.##Zoo###.# #.#
*,#.......@..o..###.#
#.####.###.###....5.#
#.......##.# ##.#####
#######.##.####.# #.........#
#.8.8.8.####
###*####..⌠.⌠^....# *****
#..,.....8.>.8.##.# **,,,**
####.####....⌠.⌠..##.####,***,*


You could see a black bear, 3 orcs, an ufetubus and a bullfrog skeleton.

Vanquished Creatures
  A howler monkey zombie (D:5)
  A quokka (D:5)
2 creatures vanquished.

Notes
Turn   | Place    | Note
-------+----------+-------------------------------------------
     0 | D:5      | yoda5477 the Demonspawn Delver began the quest for the Orb.
     0 | D:5      | Reached XP level 1. HP: 18/18 MP: 1/1
    69 | D:5      | Gained mutation: Your touch may inflict minor irresistible
                  | damage on your foes. [demonic ancestry]
    69 | D:5      | Reached XP level 2. HP: 8/24 MP: 2/2
   273 | D:5      | Found a staircase to the Ecumenical Temple.
   312 | D:5      | Noticed a black bear
   333 | D:5      | Slain by an orc

Illustrated notes

Levels and vault maps discovered:
D:4:      layout_basic
D:5:      layout_loops_corners, mainiacjoe_overflow_catwalk,
          mainiacjoe_overflow_alcove_1, minmay_temple_entry_statues_fountains,
          minmay_puff

Skill      XL: |  1 |
---------------+----+-----
Axes           | 2 |  2.6
Fighting       | |  3.0
Dodging        | |  1.7
Stealth        | |  4.5

Action                   || total
-------------------------++-------
Melee: Hand axe          ||    13
  Use: Scroll            ||     1
       Potion            ||     1
 Stab: Sleeping          ||     1
Armor: Leather armour    ||     7
Dodge: Dodged            ||     7

Table legend: (Time is in decaauts)
 A = Elapsed time spent in this place.
 B = Non-inter-level travel time spent in this place.
 C = Inter-level travel time spent in this place.
 D = Time resting spent in this place.
 E = Time spent auto-exploring this place.
 F = Levels seen in this place.
 G = Mean time per level.
                   A        B        C        D        E       F      G
               +--------+--------+--------+--------+--------+-----+--------+
         Total |    318 |    318 |      0 |    193 |      0 |   2 |  159.0 |
       Dungeon |    318 |    318 |      0 |    193 |      0 |   2 |  159.0 |
               +--------+--------+--------+--------+--------+-----+--------+

Top non-repeatable levels by time:
     D:5: 250 daAuts
     D:4: 68 daAuts
